 Dungeon Crawl Stone Soup version 0.22.0-6-g71bd7aa (webtiles) character file.

46 Sqgman the Covered (level 3, -1/28 HPs)
             Began as a Gnoll Wanderer on Aug 15, 2018.
             Killed from afar by an orc wizard (4 damage)
             ... with a puff of frost
             ... on level 3 of the Dungeon.
             The game lasted 00:08:08 (1126 turns).

Sqgman the Covered (Gnoll Wanderer)                 Turns: 1126, Time: 00:08:10

Health: -1/28      AC:  1    Str: 13    XL:     3   Next: 68%
Magic:  3/4        EV: 12    Int: 16    God:
Gold:   39         SH:  0    Dex: 14    Spells: 3/3 levels left

rFire    . . .     SeeInvis .   a - +2 shortbow
rCold    . . .     Gourm    .   (shield currently unavailable)
rNeg     . . .     Faith    .   k - -1 robe (curse)
rPois    .         Spirit   .   (no helmet)
rElec    .         Reflect  .   (no cloak)
rCorr    .         Harm     .   (no gloves)
MR       .....                  (no boots)
Stlth    ++........             (no amulet)
HPRegen  0.09/turn              l - ring of wizardry
MPRegen  0.09/turn              (no ring)

@: lethally poisoned (-1 -> -6)
A: distributed training, fangs 1, strong nose
a: no special abilities


You were on level 3 of the Dungeon.
You were hungry.

You visited 1 branch of the dungeon, and saw 3 of its levels.

You collected 39 gold pieces.

Inventory:

Hand Weapons
 a - a +2 shortbow (weapon)
 g - a +0 dagger
Missiles
 b - 8 arrows (quivered)
Armour
 d - a +1 robe
 k - a cursed -1 robe (worn)
Jewellery
 l - a ring of wizardry (left hand)
Scrolls
 h - a scroll of identify
 i - a scroll of noise
 j - a scroll of enchant armour
Potions
 c - 3 potions of curing
 e - a potion of ambrosia
Comestibles
 f - 6 rations


   Skills:
 + Level 2.6 Fighting
 + Level 0.9 Short Blades
 + Level 0.9 Long Blades
 + Level 0.9 Axes
 + Level 0.9 Maces & Flails
 + Level 0.9 Polearms
 + Level 0.9 Staves
 + Level 0.9 Slings
 + Level 4.5 Bows
 + Level 0.9 Crossbows
 + Level 4.5 Throwing
 + Level 4.5 Armour
 + Level 0.9 Dodging
 + Level 0.9 Stealth
 + Level 0.9 Shields
 + Level 0.9 Unarmed Combat
 + Level 0.9 Spellcasting
 + Level 0.6 Conjurations
 + Level 0.6 Hexes
 + Level 3.8 Charms
 + Level 0.6 Summonings
 + Level 2.1 Necromancy
 + Level 0.6 Translocations
 + Level 0.6 Transmutations
 + Level 0.6 Fire Magic
 + Level 0.6 Ice Magic
 + Level 0.6 Air Magic
 + Level 0.6 Earth Magic
 + Level 0.6 Poison Magic
 + Level 1.0 Invocations
 + Level 0.9 Evocations


You had 3 spell levels left.
You didn't know any spells.
Your spell library was empty.

Dungeon Overview and Level Annotations

Branches:
Dungeon (2/15)

Altars:
Yredelemnul


Innate Abilities, Weirdness & Mutations

Your experience applies equally to all skills.
You have very sharp teeth.
Your uncanny sense of smell can sniff out nearby items.


Message History

Firing (i - inventory)
b - 9 arrows (quivered)
Press: ? - help, Shift-Dir - straight line, f/p - orc
Aim: an orc, wielding a flail and wearing a leather armour (almost dead)
You shoot an arrow. The arrow hits the orc!
You kill the orc!
You feel sick.
An orc wizard comes into view. It is wielding a dagger.
The orc wizard shouts!
The orc wizard casts a spell.
The orc wizard seems to speed up.
Things that are here:
2 arrows; an adder corpse You feel sick.
The orc wizard points at you and mumbles some strange words.
The puff of frost hits you!
* * * LOW HITPOINT WARNING * * *
A quokka comes into view.
The orc wizard gestures at you while chanting.
The puff of frost hits you!
You die...

... #.# ∆∆
...#####.#####
...... ......#
#.oo(.##.##..#
.r.(.(......#
#......(...# ∆
####.##....(..#
.....(....@((.#
.o##..#.%#(##.#
#.......# .#
####.......#
.......###
####......∆
#..####. #... ∆
∆


You could see an orc priest (wandering), an orc wizard and a quokka (wandering).

Vanquished Creatures
  An adder (D:3)
  A leopard gecko (D:2)
  2 orcs (D:3)
  A ball python (D:1)
  4 bats
  2 giant cockroaches (D:1)
  5 goblins (D:1)
  A hobgoblin (D:1)
  8 kobolds
  3 frilled lizards
  5 rats (D:1)
33 creatures vanquished.

Notes
Turn   | Place    | Note
-------+----------+-------------------------------------------
     0 | D:1      | Sqgman the Gnoll Wanderer began the quest for the Orb.
     0 | D:1      | Sqgman set off with: a +2 shortbow, 27 arrows, a potion of curing, a +0 robe, a ration
     0 | D:1      | Reached XP level 1. HP: 17/17 MP: 1/1
    83 | D:1      | Reached XP level 2. HP: 16/23 MP: 2/2
   679 | D:2      | Reached XP level 3. HP: 27/28 MP: 3/3
   853 | D:2      | Found a basalt altar of Yredelemnul.
  1109 | D:2      | You fall through a shaft!
  1118 | D:3      | Reached skill level 1 in Invocations
  1126 | D:3      | Killed from afar by an orc wizard

Skill      XL: |  1  2  3 |
---------------+----------+-----
Necromancy     | 2 |  2.1
Invocations    | 1 |  1.0
Fighting       | |  2.6
Short Blades   | |  0.9
Long Blades    | |  0.9
Axes           | |  0.9
Maces & Flails | |  0.9
Polearms       | |  0.9
Staves         | |  0.9
Slings         | |  0.9
Bows           | |  4.5
Crossbows      | |  0.9
Throwing       | |  4.5
Armour         | |  4.5
Dodging        | |  0.9
Stealth        | |  0.9
Shields        | |  0.9
Unarmed Combat | |  0.9
Spellcasting   | |  0.9
Conjurations   | |  0.6
Hexes          | |  0.6
Charms         | |  3.8
Summonings     | |  0.6
Translocations | |  0.6
Transmutations | |  0.6
Fire Magic     | |  0.6
Ice Magic      | |  0.6
Air Magic      | |  0.6
Earth Magic    | |  0.6
Poison Magic   | |  0.6
Evocations     | |  0.9

Action                   || total
-------------------------++-------
Melee: Shortbow          ||    14
       Dagger            ||     4
       Bite              ||     2
 Fire: Shortbow          ||    82
  Use: Scroll            ||     5
       Potion            ||     1
Armor: Robe              ||    29
Dodge: Dodged            ||    58
